 Dungeon Crawl Stone Soup version 0.23-b1-75-g379dba2534 (webtiles) character file.

Game seed: 15476506857078680600

409 McKennaii the Firebug (level 6, -6/46 HPs)
             Began as a Draconian Fire Elementalist on Feb 7, 2019.
             Mangled by Edmund
             ... wielding a +2 dire flail of holy wrath
              (16 damage)
             ... on level 4 of the Dungeon.
             The game lasted 00:21:46 (3090 turns).

McKennaii the Firebug (Draconian Fire Elementalist) Turns: 3090, Time: 00:21:47

Health: -6/46      AC:  7    Str: 11    XL:     6   Next: 58%
Magic:  6/12       EV: 12    Int: 17    God:
Gold:   112        SH:  0    Dex: 11    Spells: 12/13 levels left

rFire    + . .     SeeInvis .     - Unarmed
rCold    . . .     Gourm    .   (no shield)
rNeg     . . .     Faith    .   (armour unavailable)
rPois    .         Spirit   .   (helmet restricted)
rElec    .         Reflect  .   (no cloak)
rCorr    .         Harm     .   (no gloves)
MR       .....                  c - +0 pair of boots
Stlth    ++........             (no amulet)
HPRegen  0.15/turn              d - ring of protection from fire
MPRegen  0.13/turn              (no ring)

@: no status effects
A: unfitting armour, cold-blooded, AC +6
a: no special abilities


You were on level 4 of the Dungeon.
You were very hungry.

You visited 1 branch of the dungeon, and saw 4 of its levels.

You collected 112 gold pieces.

Inventory:

Armour
 c - a +0 pair of boots (worn)
Jewellery
 d - a ring of protection from fire (left hand)
Scrolls
 a - a scroll of random uselessness {unknown}
 f - a scroll of teleportation {unknown}
 h - a scroll of fear
 i - 2 scrolls of identify {unknown}
Potions
 e - a potion of flight {unknown}
 g - a potion of brilliance {unknown}
 j - a potion of mutation {unknown}
 k - a potion of degeneration {unknown}
Comestibles
 b - 2 rations


   Skills:
 + Level 0.5 Fighting
 + Level 2.6 Dodging
 + Level 2.1 Stealth
 + Level 1.2 Unarmed Combat
 + Level 4.0 Spellcasting
 + Level 3.0 Conjurations
 + Level 4.5 Fire Magic


You had 12 spell levels left.
You knew the following spells:

 Your Spells              Type           Power        Failure   Level  Hunger
a - Flame Tongue          Conj/Fire      ###..        3%          1    None

Your spell library contained the following spells:

 Spells                   Type           Power        Failure   Level  Hunger
 Magic Dart               Conj           ##..         4%          1    None
 Throw Flame              Conj/Fire      ###...       4%          2    ##.....
 Conjure Flame            Conj/Fire      ###.....     10%         3    ###....
 Inner Flame              Hex/Fire       ##......     19%         3    ###....
 Blink                    Tloc           N/A          24%         2    ##.....
 Call Imp                 Summ           #.......     24%         2    ##.....
 Slow                     Hex            #.......     24%         2    ##.....
 Mephitic Cloud           Conj/Pois/Air  #.......     30%         3    ###....
 Sticky Flame             Conj/Fire      ###.....     32%         4    ####...
 Fireball                 Conj/Fire      ###.......   67%         5    ######.


Dungeon Overview and Level Annotations

Branches:
Dungeon (4/15)
 Temple: D:4-7

Altars:
Cheibriados
Kikubaaqudgha
Trog

Annotations:
D:4 2 runed translucent doors, Edmund


Innate Abilities, Weirdness & Mutations

Your plain brown scales are hard. (AC +6)
You cannot fit into any form of body armour.
You are cold-blooded and may be slowed by cold attacks.


Message History

Aim: Edmund, wielding a +2 dire flail of holy wrath and wearing a +2 leather armour of cold resistance (moderately wounded)
The flame tongue misses Edmund.
Edmund hits you with a +2 dire flail of holy wrath!
Casting: Flame Tongue (safe; 3% risk of failure)
Confirm with . or Enter, or press ? or * to list all spells.
Aiming: Flame Tongue (safe; 3% risk of failure)
Press: ? - help, Shift-Dir - straight line, f/p - Edmund
Aim: Edmund, wielding a +2 dire flail of holy wrath and wearing a +2 leather armour of cold resistance (moderately wounded)
The flame tongue hits Edmund!
Edmund is heavily wounded.
Edmund hits you with a +2 dire flail of holy wrath.
* * * LOW HITPOINT WARNING * * *
Casting: Flame Tongue (safe; 3% risk of failure)
Confirm with . or Enter, or press ? or * to list all spells.
Aiming: Flame Tongue (safe; 3% risk of failure)
Press: ? - help, Shift-Dir - straight line, f/p - Edmund
Aim: Edmund, wielding a +2 dire flail of holy wrath and wearing a +2 leather armour of cold resistance (heavily wounded)
The flame tongue misses Edmund.
Edmund hits you with a +2 dire flail of holy wrath!
You die...

#..#
##..#
#...#
#.###
#.#
#.#
#.#
#@#
#@#
#.#
#.#
#.#
##.
$#.
.+.
.+..


You could see Edmund.

Vanquished Creatures
  Sigmund (D:3)
  A black bear (D:3)
  A worker ant (D:3)
  6 adders
  A worm (D:3)
  4 dart slugs
  5 orcs (D:3)
  3 giant cockroaches
  6 goblins
  7 hobgoblins
  2 jackals (D:3)
  5 kobolds
  A quokka (D:3)
  6 bats
  5 frilled lizards
  2 rats
56 creatures vanquished.

Notes
Turn   | Place    | Note
-------+----------+-------------------------------------------
     0 | D:1      | McKennaii the Draconian Fire Elementalist began the quest
                  | for the Orb.
     0 | D:1      | Reached XP level 1. HP: 14/14 MP: 3/3
   299 | D:1      | Reached XP level 2. HP: 17/20 MP: 3/5
   597 | D:2      | Found a snail-covered altar of Cheibriados.
   864 | D:2      | Reached XP level 3. HP: 26/26 MP: 1/6
  1478 | D:3      | Found an ancient bone altar of Kikubaaqudgha.
  1489 | D:3      | Reached XP level 4. HP: 27/33 MP: 0/7
  1667 | D:3      | Noticed Sigmund
  1682 | D:3      | Reached skill level 1 in Unarmed Combat
  1689 | D:3      | Killed Sigmund
  1689 | D:3      | Reached XP level 5. HP: 6/39 MP: 0/10
  1689 | D:3      | Reached XP level 6. HP: 7/46 MP: 0/11
  1960 | D:3      | Found a bloodstained altar of Trog.
  2499 | D:3      | Found a faded altar of an unknown god.
  2761 | D:4      | Found a runed translucent gate.
  2761 | D:4      | Found a runed translucent gate.
  2777 | D:4      | Noticed Edmund
  3090 | D:4      | Mangled by Edmund

Skill      XL: |  1  2  3  4  5  6 |
---------------+-------------------+-----
Dodging        | 2 |  2.6
Stealth        | 2 |  2.1
Unarmed Combat | 1 |  1.2
Spellcasting   | 3 4 |  4.0
Conjurations   | 2 3 |  3.0
Fire Magic     | 4 |  4.5
Fighting       | |  0.5

Action                   |  1- 3 |  4- 6 || total
-------------------------+-------+-------++-------
Melee: Unarmed           |    68 |    34 ||   102
       Tailslap          |     9 |     8 ||    17
       Punch             |       |     1 ||     1
 Cast: Flame Tongue      |    53 |    65 ||   118
  Use: Scroll            |       |     1 ||     1
 Stab: Sleeping          |     2 |       ||     2
  Eat: Chunk             |     1 |     2 ||     3
       Ration            |       |     1 ||     1
Armor: Skin              |    46 |    19 ||    65
Dodge: Dodged            |    94 |    50 ||   144
